 Dungeon Crawl Stone Soup version 0.30-a0-743-gbfdf073431 (webtiles) character file.

Game seed: 15831892413073251938

800 Leeroy the Carver (level 7, -3/34 HPs)
             Began as a Vine Stalker Warper on Feb 7, 2023.
             Was an Initiate of Okawaru.
             Slain by Edmund
             ... wielding a +5 flail of protection
              (11 damage)
             ... on level 3 of the Dungeon.
             The game lasted 00:03:52 (4003 turns).

Leeroy the Carver (Vine Stalker Warper)             Turns: 4003, Time: 00:03:52

Health: -3/34      AC:  9    Str: 14    XL:     7   Next: 90%
Magic:  0/11       EV: 10    Int: 13    God:    Okawaru [......]
Gold:   266        SH:  0    Dex: 15    Spells: 5/10 levels left

rFire   + . .      SeeInvis .    a - +0 falchion
rCold   . . .      Faith    .    (no shield)
rNeg    . . .      Spirit   +    j - +0 ring mail {rC+}
rPois   .          Reflect  .    l - +0 helmet
rElec   +          Harm     .    x - +0 cloak
rCorr   +          Rampage  .    w - +0 pair of gloves
Will    .....                    y - +0 pair of boots
Stlth   +                        (no amulet)
HPRegen 1.05/turn                C - ring of Feif {rElec rCorr}
MPRegen 0.12/turn                t - ring of fire

@: no status effects
A: fangs 2, regeneration 1, magic shield, antimagic bite, no potion heal 2
a: Renounce Religion


You were on level 3 of the Dungeon.
You worshipped Okawaru.
Okawaru was noncommittal.
You visited 1 branch of the dungeon, and saw 5 of its levels.

You collected 318 gold pieces.
You spent 52 gold pieces at shops.

Inventory:

Hand Weapons
 a - a +0 falchion (weapon)
 B - a +2 dagger of holy wrath
Missiles
 d - 7 boomerangs of dispersal (quivered)
 n - 12 poisoned darts
 z - a curare-tipped dart
Armour
 b - a +0 leather armour
 j - a +0 ring mail of cold resistance (worn)
 l - a +0 helmet (worn)
 w - a +0 pair of gloves (worn)
 x - a +0 cloak (worn)
 y - a +0 pair of boots (worn)
Jewellery
 t - a ring of fire (right hand)
 C - the ring of Feif (left hand) {rElec rCorr}
   (You found it on level 3 of the Dungeon)

   [ring of resist corrosion]

   rElec:     It insulates you from electricity.
   rCorr:     It protects you from acid and corrosion.
Scrolls
 c - a scroll of blinking
 e - 4 scrolls of teleportation
 h - a scroll of fear
 q - 2 scrolls of poison {unknown}
 r - 3 scrolls of amnesia {unknown}
 s - a scroll of butterflies {unknown}
 v - 2 scrolls of identify
 A - a scroll of immolation {unknown}
Potions
 f - a potion of degeneration {unknown}
 g - a potion of attraction {unknown}
 i - a potion of heal wounds {unknown}
 k - a potion of brilliance {unknown}
 m - 4 potions of lignification {unknown}
 o - 2 potions of mutation {unknown}
 p - 7 potions of curing {unknown}
 u - a potion of ambrosia {unknown}
 D - 2 potions of magic {unknown}


   Skills:
 - Level 1.7 Fighting
 + Level 8.0 Long Blades
 - Level 0.8 Throwing
 - Level 0.7 Armour
 - Level 1.5 Dodging
 - Level 2.1 Spellcasting
 - Level 3.0 Translocations


You had 5 spell levels left.
You knew the following spells:

 Your Spells              Type           Power      Damage    Failure   Level
a - Blink                 Tloc           18%        N/A       22%         2
b - Vhi's Electric Charg  Tloc/Air       10%        N/A       63%         3

Your spell library contained the following spells:

 Spells                   Type           Power      Damage    Failure   Level
 Lesser Beckoning         Tloc           18%        N/A       22%         2
 Momentum Strike          Conj/Tloc      10%        3d8       38%         2
 Teleport Other           Tloc           9%         N/A       41%         3
 Manifold Assault         Tloc           9%         N/A       83%         4
 Arcjolt                  Conj/Air       0%         1d10      100%        5
 Maxwell's Capacitive Co  Air            0%         ∞         100%        8


Dungeon Overview and Level Annotations

Branches:
Dungeon (5/15)
 Temple: D:4-7

Altars:
Ashenzari
Hepliaklqana
Kikubaaqudgha
Makhleb
Okawaru
Wu Jian
The Shining One

Shops:
D:5 ?

Annotations:
D:3 Edmund


Innate Abilities, Weirdness & Mutations

You have extremely sharp teeth.
Your natural rate of healing is unusually fast.
When hurt, damage is shared between your health and your magic reserves.
Your bite disrupts and absorbs the magic of your enemies.
Potions cannot restore your health.


Message History

Edmund is lightly wounded.
Edmund misses you.
You hit Edmund.
Edmund is moderately wounded.
Edmund barely misses you.
You hit Edmund but do no damage. You bite Edmund, but do no damage.
Edmund is moderately wounded.
Edmund hits you with a +5 flail of protection!
You hit Edmund. You bite Edmund, but do no damage.
Edmund is moderately wounded.
You hit Edmund but do no damage.
Edmund is moderately wounded.
Edmund hits you with a +5 flail of protection.
You hit Edmund but do no damage. Your bite misses Edmund.
Edmund is moderately wounded.
Edmund hits you with a +5 flail of protection.
You hit Edmund but do no damage. You bite Edmund, but do no damage.
Edmund is moderately wounded.
Edmund barely misses you.
You hit Edmund.
Edmund is heavily wounded.
Edmund hits you with a +5 flail of protection.
You barely miss Edmund. You bite Edmund, but do no damage.
Edmund is heavily wounded.
Edmund hits you with a +5 flail of protection.
You closely miss Edmund. You bite Edmund, but do no damage.
Edmund is heavily wounded.
Edmund hits you with a +5 flail of protection.
You are too injured to fight recklessly!
You hit Edmund but do no damage.
Edmund is heavily wounded.
Edmund closely misses you.
You hit Edmund but do no damage. You bite Edmund, but do no damage.
Edmund is heavily wounded.
Edmund hits you with a +5 flail of protection!
* * * LOW HITPOINT WARNING * * *
You closely miss Edmund. Your bite misses Edmund.
Edmund is heavily wounded.
Edmund hits you with a +5 flail of protection!
You die...

##.............# ##.## ##
###...#...####.# ##.#.###.
####.###.## #.# ##.###.##. ...#.#
#######.### #.##...... ##.#.#
#.......# ##.#.#.### #.#'##
#.###.#<# ##...## # #....# #.#
#.#.### ##.....###
##.###########...@.# #.......##
#..#.........#.#@#.# ##........
..)#....#....#...#.#######.....##
...#.#..#(.#.#...................
...#.#..#..#.#..##.#####..#....##
#.)'####_####'.###...........#.#
##.#.#..#..#.##.....#######.##.#
#.#.#..#..#.##.###.##...##....#
#.#....#....##.# #.#....[#..###
##.#.........##.# #.......#..#


You could see Edmund.

Vanquished Creatures
  Menkaure (D:4)
  An ogre (D:5)
  A kobold brigand (D:5)
  Blork the orc (D:4)
  2 scorpions
  A hound (D:5)
  A jelly (D:5)
  2 orc wizards
  2 iguanas (D:5)
  A gnoll (D:1)
  7 adders
  A white imp (D:5)
  An ufetubus (D:5)
  2 worms (D:2)
  3 dart slugs
  10 orcs
  5 bats
  6 endoplasms
  2 giant cockroaches
  11 goblins
  5 hobgoblins
  3 jackals (D:2)
  4 quokkas
  5 ball pythons
  2 frilled lizards
  15 kobolds
  A rat (D:1)
96 creatures vanquished.

Notes
Turn   | Place    | Note
-------+----------+-------------------------------------------
     0 | D:1      | Leeroy the Vine Stalker Warper began the quest for the Orb.
     0 | D:1      | Reached XP level 1. HP: 11/11 MP: 4/4
    80 | D:1      | Reached skill level 2 in Long Blades
   109 | D:1      | Reached XP level 2. HP: 6/15 MP: 3/6
   509 | D:1      | Reached skill level 3 in Long Blades
   556 | D:1      | Reached XP level 3. HP: 18/18 MP: 7/7
   981 | D:2      | Learned a level 2 spell: Blink
   985 | D:2      | Learned a level 3 spell: Vhi's Electric Charge
  1242 | D:2      | Gained mutation: Your natural rate of healing is unusually
                  | fast. [Vine Stalker growth]
  1242 | D:2      | Reached XP level 4. HP: 18/23 MP: 5/8
  1413 | D:2      | Reached skill level 4 in Long Blades
  1502 | D:3      | Found a faded altar of an unknown god.
  1541 | D:3      | You fall into a shaft and drop 2 floors!
  1541 | D:5      | Entered Level 5 of the Dungeon
  1593 | D:5      | Reached XP level 5. HP: 23/26 MP: 6/9
  1688 | D:5      | Reached skill level 5 in Long Blades
  1702 | D:5      | Found Wygutoem's Magic Scroll Emporium.
  1717 | D:5      | Bought a scroll of identify for 26 gold pieces
  1718 | D:5      | Bought a scroll of identify for 26 gold pieces
  1754 | D:5      | Found a hazy altar of Hepliaklqana.
  1872 | D:5      | Reached XP level 6. HP: 30/30 MP: 10/10
  2047 | D:5      | Reached skill level 6 in Long Blades
  2478 | D:5      | Found an ancient bone altar of Kikubaaqudgha.
  2478 | D:5      | Found an ornate altar of the Wu Jian Council.
  2479 | D:5      | Found a burning altar of Makhleb.
  2481 | D:5      | Found a glowing golden altar of the Shining One.
  2588 | D:5      | Reached XP level 7. HP: 32/34 MP: 11/11
  2832 | D:4      | Noticed Menkaure
  2839 | D:4      | Killed Menkaure
  2840 | D:4      | Reached skill level 7 in Long Blades
  2956 | D:4      | Found a broken altar of Ashenzari.
  2995 | D:4      | Noticed Blork the orc
  3004 | D:4      | Killed Blork the orc
  3090 | D:4      | Noticed Edmund
  3256 | D:3      | Identified the ring of Feif {rElec rCorr}
  3347 | D:3      | Found an iron altar of Okawaru.
  3349 | D:3      | Reached skill level 8 in Long Blades
  3365 | D:3      | Became a worshipper of Warmaster Okawaru
  4003 | D:3      | Slain by Edmund

Illustrated notes

Levels and vault maps discovered:
D:1:      dpeg_arrival_round_a, layout_basic
D:2:      layout_basic
D:3:      layout_loops_corners, okawaru_altar_gauntlet_db,
          shapermc_ecumenical_altar_notcrosses, minmay_misc_feat_enclosed
D:4:      layout_loops_ring, minmay_temple_entry_overgrown, ebering_ghost_gozag,
          st_stairs_2, minmay_misc_feat_hallway, kennysheep_diamond,
          minmay_puff, uniq_menkaure, uniq_blork_the_orc, uniq_edmund
D:5:      layout_layer_cave, minitemple, serial_shops, shop,
          nicolae_nh_ransacked_shop

Skill      XL: |  1  2  3  4  5  6  7 |
---------------+----------------------+-----
Long Blades    | 2 3 4 5 6 8 |  8.0
Fighting       | |  1.7
Throwing       | |  0.8
Armour         | |  0.7
Dodging        | |  1.5
Spellcasting   | |  2.1
Translocations | |  3.0

Action                     |  1- 3 |  4- 6 |  7- 9 || total
---------------------------+-------+-------+-------++-------
  Melee: Falchion          |   101 |    99 |   124 ||   324
         Bite              |    14 |    24 |    34 ||    72
         Punch             |     1 |       |     1 ||     2
    Use: Scroll            |       |     2 |       ||     2
 Armour: Leather armour    |    22 |       |       ||    22
         Ring mail         |     9 |    29 |    34 ||    72
  Dodge: Dodged            |    76 |    46 |    60 ||   182

Table legend: (Time is in decaauts)
 A = Elapsed time spent in this place.
 B = Non-inter-level travel time spent in this place.
 C = Inter-level travel time spent in this place.
 D = Time resting spent in this place.
 E = Time spent auto-exploring this place.
 F = Levels seen in this place.
 G = Mean time per level.
                   A        B        C        D        E       F      G
               +--------+--------+--------+--------+--------+-----+--------+
         Total |   4015 |   3880 |    135 |      0 |   3137 |   5 |  803.0 |
       Dungeon |   4015 |   3880 |    135 |      0 |   3137 |   5 |  803.0 |
               +--------+--------+--------+--------+--------+-----+--------+

Top non-repeatable levels by time:
     D:5: 1281 daAuts
     D:3: 958 daAuts
     D:1: 902 daAuts
     D:2: 585 daAuts
     D:4: 288 daAuts
